 Dungeon Crawl Stone Soup version 0.26-a0-854-gdc81c2f471 (webtiles) character file.

Game seed: 12156054521596436169

31 schets the Covert (level 3, 0/35 HPs)
             Began as a Gnoll Delver on Nov 22, 2020.
             Slain by a gnoll
             ... wielding a +1 vorpal spear
              (1 damage)
             ... on level 4 of the Dungeon.
             The game lasted 00:02:06 (147 turns).

schets the Covert (Gnoll Delver)                     Turns: 147, Time: 00:02:07

Health: 0/35       AC:  0    Str: 13 (15) XL:     3   Next: 22%
Magic:  3/4        EV: 14    Int: 11 (12) God:
Gold:   0          SH:  0    Dex: 13 (16) Spells: 3/3 levels left

rFire    . . .     SeeInvis .   h - +0 rapier
rCold    . . .     Faith    .   (no shield)
rNeg     . . .     Spirit   .   (no armour)
rPois    .         Reflect  .   (no helmet)
rElec    .         Harm     .   (no cloak)
rCorr    .         Rampage  .   (no gloves)
MR       .....                  (no boots)
Stlth    ++++......             (no amulet)
HPRegen  0.11/turn              (no ring)
MPRegen  0.09/turn              (no ring)

@: no status effects
A: distributed training, fangs 1, strong nose
a: no special abilities


You were on level 4 of the Dungeon.
You visited 1 branch of the dungeon, and saw 2 of its levels.

Inventory:

Hand Weapons
 a - a +0 hand axe
 h - a +0 rapier (weapon)
Armour
 b - a +0 leather armour
Wands
 g - a wand of digging (2)
Scrolls
 e - a scroll of fear


   Skills:
 + Level 6.5 Fighting
 + Level 0.7 Short Blades
 + Level 0.7 Long Blades
 + Level 4.5 Axes
 + Level 0.7 Maces & Flails
 + Level 0.7 Polearms
 + Level 0.7 Staves
 + Level 0.7 Slings
 + Level 0.7 Bows
 + Level 0.7 Crossbows
 + Level 0.7 Throwing
 + Level 0.7 Armour
 + Level 4.5 Dodging
 + Level 9.5 Stealth
 + Level 0.7 Shields
 + Level 0.7 Unarmed Combat
 + Level 0.7 Spellcasting
 + Level 0.5 Conjurations
 + Level 0.5 Hexes
 + Level 0.5 Summonings
 + Level 0.5 Necromancy
 + Level 0.5 Translocations
 + Level 0.5 Transmutations
 + Level 0.5 Fire Magic
 + Level 0.5 Ice Magic
 + Level 0.5 Air Magic
 + Level 0.5 Earth Magic
 + Level 0.5 Poison Magic
 + Level 0.9 Invocations
 + Level 0.7 Evocations


You had 3 spell levels left.
You didn't know any spells.
Your spell library was empty.

Dungeon Overview and Level Annotations

Branches:
Dungeon (5/15)
 Temple: D:4-7

Altars:
Ru


Innate Abilities, Weirdness & Mutations

Your experience applies equally to all skills.
You have very sharp teeth.
Your uncanny sense of smell can sniff out nearby items.


Message History

Unknown command.
It was a potion of degeneration.
There was something very wrong with that liquid.
You feel weakened.
You feel dopey.
You feel clumsy. The iguana bites you! The gnoll completely misses you.
You hit the iguana but do no damage. The iguana bites you.
The gnoll misses you.
You hit the iguana but do no damage. You bite the iguana, but do no damage.
The iguana closely misses you.
The gnoll hits you from afar with a +1 vorpal spear!
* * * LOW HITPOINT WARNING * * *
x2 You hit the iguana.
The iguana is moderately wounded.
The iguana closely misses you. The gnoll barely misses you.
The iguana closely misses you.
You puncture the iguana!
The iguana is severely wounded.
The gnoll hits you from afar with a +1 vorpal spear.
* * * LOW HITPOINT WARNING * * *
You die...

### ∆ ##_##
##...##
#.....#
#.@...#
#..l†.#
##g..##
#.....# ..
#.....# ...
#.....###...
##...##...(.
##.##......
#...>.....


You could see an iguana and a gnoll.

Vanquished Creatures
  A hound (D:4)
  A quokka (D:4)
2 creatures vanquished.

Notes
Turn   | Place    | Note
-------+----------+-------------------------------------------
     0 | D:5      | Reached skill level 9 in Stealth
     0 | D:5      | schets the Gnoll Delver began the quest for the Orb.
     0 | D:5      | Reached XP level 1. HP: 23/23 MP: 1/1
    11 | D:5      | Noticed a quasit
   110 | D:5      | Noticed an orc priest
   111 | D:5      | Noticed an ogre
   114 | D:4      | Noticed an iguana
   131 | D:4      | Noticed a hound
   135 | D:4      | Found a sacrificial altar of Ru.
   140 | D:4      | Killed a hound
   141 | D:4      | Reached XP level 2. HP: 24/29 MP: 2/2
   141 | D:4      | Reached XP level 3. HP: 29/35 MP: 3/3
   147 | D:4      | HP: 1/35 [gnoll/+1 vorpal spear (2)]
   147 | D:4      | Slain by a gnoll

Illustrated notes

Levels and vault maps discovered:
D:4:      layout_cave_pools, nicolae_overflow_crystal_walls,
          chequers_temple_overflow_minitemple, marbit_many_paths, temple_doors_e
D:5:      layout_loops_ring, minmay_checkerbox, uniq_grinder, uniq_pikel,
          uniq_crazy_yiuf_cottage

Skill      XL: | |
---------------+-+-----
Stealth        | |  9.5
Fighting       | |  6.5
Short Blades   | |  0.7
Long Blades    | |  0.7
Axes           | |  4.5
Maces & Flails | |  0.7
Polearms       | |  0.7
Staves         | |  0.7
Slings         | |  0.7
Bows           | |  0.7
Crossbows      | |  0.7
Throwing       | |  0.7
Armour         | |  0.7
Dodging        | |  4.5
Shields        | |  0.7
Unarmed Combat | |  0.7
Spellcasting   | |  0.7
Conjurations   | |  0.5
Hexes          | |  0.5
Summonings     | |  0.5
Necromancy     | |  0.5
Translocations | |  0.5
Transmutations | |  0.5
Fire Magic     | |  0.5
Ice Magic      | |  0.5
Air Magic      | |  0.5
Earth Magic    | |  0.5
Poison Magic   | |  0.5
Invocations    | |  0.9
Evocations     | |  0.7

Action                   || total
-------------------------++-------
Melee: Rapier            ||     6
       Bite              ||     1
Evoke: Wand              ||     1
  Use: Scroll            ||     2
       Potion            ||     2
 Stab: Sleeping          ||     1
Dodge: Dodged            ||    12

Table legend: (Time is in decaauts)
 A = Elapsed time spent in this place.
 B = Non-inter-level travel time spent in this place.
 C = Inter-level travel time spent in this place.
 D = Time resting spent in this place.
 E = Time spent auto-exploring this place.
 F = Levels seen in this place.
 G = Mean time per level.
                   A        B        C        D        E       F      G
               +--------+--------+--------+--------+--------+-----+--------+
         Total |    127 |    127 |      0 |      0 |      0 |   2 |   63.5 |
       Dungeon |    127 |    127 |      0 |      0 |      0 |   2 |   63.5 |
               +--------+--------+--------+--------+--------+-----+--------+

Top non-repeatable levels by time:
     D:5: 94 daAuts
     D:4: 33 daAuts
